 Dungeon Crawl Stone Soup version 0.30-a0-6-g7c9e10e132 (webtiles) character file.

Game seed: 12884071375731302502

363 drpainis the Sneak (level 6, -1/29 HPs)
             Began as a Spriggan Enchanter on Aug 22, 2022.
             Was a Believer of Dithmenos.
             Slain by an adder (2 damage)
             ... while paralysed by Grinder
             ... on level 5 of the Dungeon.
             The game lasted 00:10:19 (5328 turns).

drpainis the Sneak (Spriggan Enchanter)             Turns: 5328, Time: 00:10:20

Health: -1/29      AC:  4    Str:  4    XL:     6   Next: 39%
Magic:  10/12      EV:  4    Int: 19    God:    Dithmenos [**....]
Gold:   253        SH:  0    Dex: 15    Spells: 1/12 levels left

rFire   x . .      SeeInvis +    a - +1 dagger
rCold   + . .      Faith    .    (no shield)
rNeg    . . .      Spirit   .    b - +0 robe
rPois   .          Reflect  .    h - +1 hat
rElec   .          Harm     .    i - +0 cloak
rCorr   .          Rampage  .    (gloves unavailable)
Will    +....                    (boots unavailable)
Stlth   +++++.....               (no amulet)
HPRegen 0.09/turn                o - ring of ice
MPRegen 0.13/turn                (no ring)

@: paralysed, lethally poisoned (-1 -> -4), wreathed by umbra, very quick
A: very small, no large weapons, unfitting armour, see invisible, speed 3
a: Renounce Religion, Shadow Step


You were on level 5 of the Dungeon.
You worshipped Dithmenos.
Dithmenos was pleased with you.
You visited 1 branch of the dungeon, and saw 5 of its levels.

You collected 253 gold pieces.

Inventory:

Hand Weapons
 a - a +1 dagger (weapon)
Armour
 b - a +0 robe (worn)
 h - a +1 hat (worn)
 i - a +0 cloak (worn)
Magical Staves
 q - a staff of earth
 r - a staff of air
Jewellery
 o - a ring of ice (left hand)
Wands
 w - a wand of polymorph (11)
Scrolls
 d - a scroll of noise {unknown}
 e - a scroll of teleportation {unknown}
 p - 3 scrolls of identify {unknown}
 s - a scroll of blinking {unknown}
 t - a scroll of enchant weapon {unknown}
 u - a scroll of fear {unknown}
 x - a scroll of immolation {unknown}
Potions
 c - a potion of invisibility
 f - a potion of attraction {unknown}
 g - a potion of magic {unknown}
 j - a potion of resistance {unknown}
 k - a potion of berserk rage {unknown}
 l - a potion of mutation {unknown}
 m - 2 potions of brilliance {unknown}
 n - 2 potions of curing {unknown}
 v - a potion of heal wounds {unknown}


   Skills:
 + Level 0.5 Fighting
 + Level 2.8 Short Blades
 + Level 3.9 Dodging
 + Level 7.4 Stealth
 + Level 3.8 Spellcasting
 + Level 5.0 Hexes
 + Level 1.0 Ice Magic


You had one spell level left.
You knew the following spells:

 Your Spells              Type           Power      Damage    Failure   Level
a - Ensorcelled Hibernat  Hex/Ice        44%        N/A       6%          2
b - Confusing Touch       Hex            22%        N/A       5%          3
c - Tukima's Dance        Hex            22%        N/A       5%          3
d - Dazzling Flash        Conj/Hex       26%        N/A       16%         3

Your spell library contained the following spells:

 Spells                   Type           Power      Damage    Failure   Level
 Beastly Appendage        Tmut           6%         N/A       14%         1
 Portal Projectile        Hex/Tloc       26%        N/A       16%         3
 Poisonous Vapours        Pois/Air       6%         N/A       22%         2
 Sublimation of Blood     Necr           3%         N/A       22%         2
 Wereblood                Tmut           3%         N/A       22%         2
 Spider Form              Tmut/Pois      3%         N/A       38%         3
 Corpse Rot               Necr/Pois/Air  3%         N/A       80%         4
 Blade Hands              Tmut           1%         N/A       98%         5
 Summon Hydra             Summ           1%         N/A       100%        7
 Chain Lightning          Conj/Air       1%         3d2       100%        9
 Fire Storm               Conj/Fire      1%         8d1       100%        9
 Shatter                  Erth           1%         3d6*      100%        9


Dungeon Overview and Level Annotations

Branches:
Dungeon (5/15)
 Temple: D:4-7

Altars:
Dithmenos
Uskayaw

Shops:
D:1 (

Annotations:
D:5 Grinder


Innate Abilities, Weirdness & Mutations

You are very small and have problems with some larger weapons.
You are too small for most types of armour.
You have supernaturally acute eyesight. (SInv)
You cover ground extremely quickly. (Speed+++)


Message History

Grinder blinks!
Casting: Dazzling Flash (quite dangerous; 16% risk of failure)
Confirm with . or Enter, or press ? or * to list all spells.
The spell is quite dangerous to miscast (5% risk of failure)!
Continue anyway? [Y]es or [N]o only, please.
The spell is quite dangerous to miscast (5% risk of failure)!
Continue anyway?
Okay, then.
Casting: Tukima's Dance (quite dangerous; 5% risk of failure)
Confirm with . or Enter, or press ? or * to list all spells.
The spell is quite dangerous to miscast (5% risk of failure)!
Continue anyway?
Aiming: Tukima's Dance (quite dangerous; 5% risk of failure)
Press: ? - help, Shift-Dir - straight line, f - you That would be overly suicidal.
Okay, then.
The iguana hisses angrily.
Casting: Tukima's Dance (quite dangerous; 5% risk of failure)
Confirm with . or Enter, or press ? or * to list all spells.
Aiming: Ensorcelled Hibernation (safe; 6% risk of failure)
Press: ? - help, Shift-Dir - straight line, f - iguana
Aim: an iguana (chance to affect: 63%)
You feel a surge of power!
The iguana resists with significant effort.
The hound barks!
The adder hisses angrily.
Grinder gestures at you.
You suddenly lose the ability to move!
The iguana bites you!
Grinder drinks a potion.
Grinder seems to grow stronger.
The iguana bites you but does no damage.
The iguana bites you! Grinder barely misses you. The iguana bites you.
* * * LOW HITPOINT WARNING * * *
The hound bites you.
* * * LOW HITPOINT WARNING * * *
The adder bites you.
* * * LOW HITPOINT WARNING * * *
You are lethally poisoned!
The adder poisons you! The hound bites you but does no damage.
Grinder hits you but does no damage. The iguana bites you.
* * * LOW HITPOINT WARNING * * *
The adder bites you.
You die...

.................
...................
.h$.................
................<...
....................
........(...........
......$.............
..........S5........
.S........h@........
...........l........
....................
................!...
..........<.........
....................
..........$.........
....................
...................


You could see Grinder (strong), an iguana, a hound and an adder.

Vanquished Creatures
  A black bear (D:2)
  A jelly (D:4)
  3 iguanas
  8 adders
  A worm (D:2)
  7 dart slugs
  An orc (D:3)
  6 endoplasms
  4 giant cockroaches
  7 goblins
  10 hobgoblins
  3 jackals (D:4)
  5 kobolds
  2 quokkas (D:2)
  3 ball pythons
  6 bats
  3 frilled lizards
  4 rats
75 creatures vanquished.

Notes
Turn   | Place    | Note
-------+----------+-------------------------------------------
     0 | D:1      | drpainis the Spriggan Enchanter began the quest for the
                  | Orb.
     0 | D:1      | Reached XP level 1. HP: 9/9 MP: 5/5
   352 | D:1      | Reached XP level 2. HP: 9/13 MP: 6/6
   637 | D:1      | Learned a level 2 spell: Ensorcelled Hibernation
   676 | D:1      | Found Ibiack's Weapon Shop.
  1253 | D:1      | Found a faded altar of an unknown god.
  1278 | D:1      | Prayed at the altar of an unknown god.
  1278 | D:1      | Became a worshipper of Dithmenos the Shadowed
  1278 | D:1      | Reached * piety under Dithmenos
  1371 | D:2      | Noticed a black bear
  1381 | D:2      | Reached skill level 5 in Stealth
  2232 | D:2      | Killed a black bear
  2233 | D:2      | Reached XP level 3. HP: 11/16 MP: 2/9
  2233 | D:2      | Reached XP level 4. HP: 14/21 MP: 2/10
  2237 | D:2      | Learned a level 3 spell: Confusing Touch
  2241 | D:2      | Learned a level 3 spell: Tukima's Dance
  2630 | D:2      | Reached XP level 5. HP: 24/24 MP: 11/11
  2639 | D:2      | Reached skill level 1 in Ice Magic
  3010 | D:2      | Learned a level 3 spell: Dazzling Flash
  3760 | D:3      | Reached skill level 6 in Stealth
  3833 | D:3      | Reached ** piety under Dithmenos
  4380 | D:4      | Found a hide-covered altar of Uskayaw.
  4411 | D:4      | Reached skill level 7 in Stealth
  4411 | D:4      | Reached XP level 6. HP: 29/29 MP: 7/12
  5305 | D:5      | Entered Level 5 of the Dungeon
  5309 | D:5      | Reached skill level 5 in Hexes
  5313 | D:5      | Noticed Grinder
  5324 | D:5      | Paralysed by Grinder for 4 turns
  5328 | D:5      | HP: 1/29 [iguana (2)]
  5328 | D:5      | Slain by an adder

Illustrated notes

Levels and vault maps discovered:
D:1:      dpeg_arrival_rhombi, layout_basic, serial_shops,
          nicolae_shop_bloodbath_and_beyond,
          hellmonk_ecumenical_altar_crossroads
D:2:      layout_rooms, minmay_circle_x
D:3:      layout_basic, minivault_23, minmay_pentangle
D:4:      layout_cave_pools, nicolae_uskayaw_murder_on_the_dancefloor
D:5:      layout_basic, chequers_serial_rivers_micro_c, nicolae_shop_self_help,
          uniq_grinder

Skill      XL: |  1  2  3  4  5  6 |
---------------+-------------------+-----
Hexes          | 4 5 |  5.0
Spellcasting   | 3 |  3.8
Stealth        | 5 7 |  7.4
Dodging        | 3 |  3.9
Short Blades   | 2 |  2.8
Ice Magic      | 1 |  1.0
Fighting       | |  0.5

Action                   |  1- 3 |  4- 6 || total
-------------------------+-------+-------++-------
Melee: Dagger            |    74 |   171 ||   245
       Punch             |     1 |     2 ||     3
 Cast: Ensorcelled Hiber |    12 |    11 ||    23
       Dazzling Flash    |       |     3 ||     3
  Use: Potion            |     1 |       ||     1
 Stab: Sleeping          |    10 |    27 ||    37
       Distracted        |       |     1 ||     1
       Invisible         |       |     2 ||     2
Armor: Robe              |    11 |    23 ||    34
Dodge: Dodged            |    64 |   175 ||   239

Table legend: (Time is in decaauts)
 A = Elapsed time spent in this place.
 B = Non-inter-level travel time spent in this place.
 C = Inter-level travel time spent in this place.
 D = Time resting spent in this place.
 E = Time spent auto-exploring this place.
 F = Levels seen in this place.
 G = Mean time per level.
                   A        B        C        D        E       F      G
               +--------+--------+--------+--------+--------+-----+--------+
         Total |   4387 |   4301 |     86 |   2475 |   1013 |   5 |  877.4 |
       Dungeon |   4387 |   4301 |     86 |   2475 |   1013 |   5 |  877.4 |
               +--------+--------+--------+--------+--------+-----+--------+

Top non-repeatable levels by time:
     D:2: 1612 daAuts
     D:1: 1489 daAuts
     D:4: 872 daAuts
     D:3: 394 daAuts
     D:5: 18 daAuts
